 Dungeon Sprint DCSS version 0.31-a0-370-g25055926c8 (webtiles) character file.

Game seed: 17341329631096153354

4517 Conn the Arsonist (level 10, -18/56 HPs)
             Began as an Octopode Fire Elementalist on July 29, 2023.
             Was a High Priest of Sif Muna.
             Demolished by Agnes
             ... wielding a +0 lajatang
              (39 damage)
             ... in the Dungeon (Sprint IV: "Fedhas' Mad Dash").
             The game lasted 00:11:40 (1901 turns).

Conn the Arsonist (Octopode Fire Elementalist)      Turns: 1901, Time: 00:11:41

Health: -18/56     AC:  1    Str:  9    XL:     10   Next: 39%
Magic:  12/28      EV: 13    Int: 30    God:    Sif Muna [*****.]
Gold:   241        SH:  0    Dex:  7    Spells: 21/37 levels left

rFire   . . .        a - staff of conjuration
rCold   . . .        (no shield)
rNeg    . . .        (helmet restricted)
rPois   +            i - amulet of Daosh {RegenMP rPois Int+9 Dex-5 Stlth+}
rElec   .            (no ring)
rCorr   .            (no ring)
SInv    .            (no ring)
Will    .....        (no ring)
Stlth   +++++        (no ring)
HPRegen 0.29/turn    (no ring)
MPRegen 0.61/turn    (no ring)
                     (no ring)

%: no teleportation
@: no status effects
A: almost no armour, amphibious, 8 rings, camouflage 1, gelatinous body 1,
(nimble swimmer 1), tentacles
a: Renounce Religion, Channel Magic, Forget Spell, Divine Exegesis


You were in the Dungeon.
You worshipped Sif Muna.
Sif Muna was extremely pleased with you.
You visited 1 branch You collected 241 gold pieces.

Inventory:

Hand Weapons
 b - a +1 long sword of protection
Magical Staves
 a - a staff of conjuration (weapon)
Jewellery
 h - the amulet of invisibility {+Inv}
   (You found it in the Dungeon)

   [amulet of nothing]

   +Inv:      It lets you turn invisible.
 i - the amulet of Daosh (around mantle) {RegenMP rPois Int+9 Dex-5 Stlth+}
   (You found it in the Dungeon)

   [amulet of magic regeneration]

   It increases your rate of magic regeneration.
   Int:       It affects your intelligence (+9).
   Dex:       It affects your dexterity (-5).
   rPois:     It protects you from poison.
   Stlth:     It makes you more stealthy.
Scrolls
 f - a scroll of blinking
 l - a scroll of identify {unknown}
Potions
 c - 2 potions of heal wounds
 d - a potion of haste
 e - a potion of berserk rage
 g - 2 potions of mutation {unknown}
 j - 2 potions of magic
 k - a potion of curing


   Skills:
 + Level 3.9 Dodging
 + Level 5.3 Stealth
 + Level 14.1 Spellcasting
 + Level 5.8 Conjurations
 + Level 3.8 Hexes
 + Level 14.7 Fire Magic
 + Level 9.4 Evocations


You had 21 spell levels left.
You knew the following spells:

 Your Spells              Type           Power      Damage    Failure   Level
a - Foxfire               Conj/Fire      100%       2x1d9     1%          1
b - Scorch                Fire           100%       2d9       0%          2
c - Inner Flame           Hex/Fire       67%        N/A       1%          3
d - Flame Wave            Conj/Fire      90%        2d19      1%          4
e - Summon Small Mammal   Summ           84%        N/A       2%          1
f - Summon Forest         Summ/Tloc      10%        N/A       54%         5

Your spell library contained the following spells:

 Spells                   Type           Power      Damage    Failure   Level
 Volatile Blastmotes      Fire/Tloc      100%       2d18      1%          3
 Apportation              Tloc           42%        N/A       2%          1
 Necrotise                Necr           84%        1d8       2%          1
 Lesser Beckoning         Tloc           42%        N/A       3%          2
 Gell's Gravitas          Tloc           21%        N/A       7%          3
 Teleport Other           Tloc           21%        N/A       7%          3
 Vampiric Draining        Necr           21%        2d7       7%          3
 Agony                    Necr           21%        N/A       54%         5
 Eringya's Noxious Bog    Tmut/Pois      10%        4d6       98%         6
 Summon Hydra             Summ           10%        N/A       100%        7


Dungeon Overview and Level Annotations

Branches:
Dungeon (1/1)

Altars:
Cheibriados
Dithmenos
Elyvilon
Gozag
Hepliaklqana
Kikubaaqudgha
Makhleb
Nemelex Xobeh
Okawaru
Qazlal
Ru
Sif Muna
Trog
Uskayaw
Vehumet
Wu Jian
Xom
Yredelemnul
Zin
The Shining One
Jiyva
Lugonu

Shops:
D *([[(

Annotations:
D Agnes


Innate Abilities, Weirdness & Mutations

You cannot wear most types of armour.
You are amphibious.
You can wear up to eight rings at the same time.
Your skin changes colour to match your surroundings (Stealth+).
Your rubbery body absorbs attacks. (AC +1, EV +1)
((You are camouflaged when in or above water. (Stealth+)))
You have tentacles for arms and can constrict up to eight enemies at once.


Message History

Aiming: Inner Flame (safe; 1% risk of failure)
Press: ? - help, Dir - move target, f/p - Agnes
Aim: Agnes, wielding a +0 lajatang and wearing a +1 robe of fire resistance (ally target, chance to affect: 47%) Agnes resists with some effort.
Your quokka closely misses Agnes.
Agnes hits your quokka with a +0 lajatang!!
Your quokka's corpse disappears in a puff of smoke!
Your quokka explodes!
You smell burning wood.
The tree burns like a torch!
The fiery explosion engulfs Agnes!
Agnes resists.
Agnes is lightly wounded.
Your rat completely misses Agnes.
You hear a shout!
Found Qaumyukk's Armour Emporium.
Casting: Inner Flame (safe; 1% risk of failure)
Confirm with . or Enter, or press ? or * to list all spells.
Flames lash Agnes.
Agnes resists.
Agnes is moderately wounded.
Agnes's fire resistance burns away.
Agnes is engulfed in blazing flames.
Unknown command.
Casting: Scorch (safe; 0% risk of failure)
Confirm with . or Enter, or press ? or * to list all spells.
Casting: Flame Wave (safe; 1% risk of failure)
Press: ? - help, Dir - look around, f - activate You feel a surge of power!
A wave of flame ripples out! (Press . to intensify the flame waves.) Agnes is engulfed in blazing flames.
Agnes shouts, "I will kick you around like a rattan ball!"
Agnes hits you with a +0 lajatang!!!
Ouch! That really hurt!
Really fire at your rat?
A wave of flame ripples out!
The flame wave engulfs Agnes!
Agnes is moderately wounded.
The flame wave engulfs your rat!
Your rat's corpse disappears in a puff of smoke!
Your rat explodes!
The fiery explosion engulfs Agnes!!
Agnes is heavily wounded.
Agnes is engulfed in blazing flames.
Agnes hits you with a +0 lajatang!!!
Ouch! That really hurt!
You die...

###############################
.#.⌠._._._._.⌠.#.)')..#....##∩#
.'.._._._._._..'..#)..#....'..#
.#..._._._._...#..###'##...##∩#
##.._._._._._..#.)##∩∩.'...####
.#._._._._._.⌠.#############
.###################.....[#
##....♣..♣.###.'..'.......+
'...)..♣...##..#@.#.......#
#.....♣.♣..###.##i##......#
#.....♣....'...#,§§########
################ §§.. ..♣..
.....♣ .....∩. #### ##


You could see Agnes (combustible).

Vanquished Creatures
  A spriggan druid (D)
  6 oklob plants (D)
  A queen bee (D)
  3 wandering mushrooms (D)
  3 burning bushes (D)
  3 scorpions (D)
  4 killer bees (D)
  5 oklob saplings (D)
  2 spriggans (D)
  A river rat (D)
  A rat (D)
  A ballistomycete spore (D)
31 creatures vanquished.

Vanquished Creatures (collateral kills)
  2 foxfires (D)
2 creatures vanquished.

Vanquished Creatures (others)
  103 foxfires (D)
103 creatures vanquished.

Grand Total: 136 creatures vanquished

Notes
Turn   | Place    | Note
-------+----------+-------------------------------------------
     0 | D        | Conn the Octopode Fire Elementalist began the quest for the
                  | Orb.
     0 | D        | Reached XP level 1. HP: 11/11 MP: 3/3
    51 | D        | Reached XP level 2. HP: 13/17 MP: 0/5
    54 | D        | Learned a level 2 spell: Scorch
   104 | D        | Noticed an oklob sapling
   107 | D        | Noticed a scorpion
   107 | D        | Found the amulet of invisibility {+Inv}
   111 | D        | Killed a scorpion
   112 | D        | Reached XP level 3. HP: 9/21 MP: 0/8
   112 | D        | Reached XP level 4. HP: 12/27 MP: 0/9
   360 | D        | Found an opulent altar of Gozag.
   360 | D        | Found a hazy altar of Hepliaklqana.
   360 | D        | Found a burning altar of Makhleb.
   360 | D        | Found a sparkling altar of Nemelex Xobeh.
   360 | D        | Found a snail-covered altar of Cheibriados.
   360 | D        | Found a sacrificial altar of Ru.
   360 | D        | Found a shimmering blue altar of Sif Muna.
   360 | D        | Found a shimmering altar of Xom.
   360 | D        | Found a basalt altar of Yredelemnul.
   361 | D        | Found a viscous altar of Jiyva.
   361 | D        | Found a bloodstained altar of Trog.
   361 | D        | Found an ornate altar of the Wu Jian Council.
   361 | D        | Noticed an oklob sapling priest
   362 | D        | Found an iron altar of Okawaru.
   362 | D        | Found a shadowy altar of Dithmenos.
   362 | D        | Found a glowing silver altar of Zin.
   363 | D        | Found an ancient bone altar of Kikubaaqudgha.
   363 | D        | Found a hide-covered altar of Uskayaw.
   364 | D        | Found a stormy altar of Qazlal.
   364 | D        | Found a white marble altar of Elyvilon.
   364 | D        | Found a glowing golden altar of the Shining One.
   365 | D        | Found a radiant altar of Vehumet.
   365 | D        | Found a corrupted altar of Lugonu.
   367 | D        | Became a worshipper of Sif Muna the Loreminder
   376 | D        | Killed an oklob sapling priest
   377 | D        | Reached skill level 5 in Spellcasting
   377 | D        | Reached skill level 1 in Evocations
   377 | D        | Reached XP level 5. HP: 18/31 MP: 5/12
   440 | D        | Learned a level 3 spell: Inner Flame
   445 | D        | Learned a level 4 spell: Flame Wave
   491 | D        | Reached * piety under Sif Muna
   492 | D        | Reached XP level 6. HP: 36/36 MP: 9/15
   578 | D        | Found Fyhurph's Weapon Shop.
   579 | D        | Found Ziboskos's Assorted Antiques.
   586 | D        | Noticed a burning bush
   586 | D        | Noticed a wandering mushroom
   598 | D        | Killed a wandering mushroom
   598 | D        | Reached ** piety under Sif Muna
   599 | D        | Reached skill level 1 in Hexes
   599 | D        | Reached skill level 5 in Evocations
   599 | D        | Reached XP level 7. HP: 30/41 MP: 7/19
   599 | D        | Noticed a wandering mushroom
   603 | D        | Killed a wandering mushroom
   604 | D        | Reached skill level 10 in Fire Magic
   707 | D        | Killed a burning bush
   708 | D        | Reached skill level 10 in Spellcasting
   708 | D        | Reached XP level 8. HP: 36/46 MP: 9/22
   782 | D        | Found Naof Jya's Antique Armour Shoppe.
   783 | D        | Found Gitiblat's Antique Weapon Emporium.
   786 | D        | Identified the amulet of Daosh {RegenMP rPois Int+9 Dex-5
                  | Stlth+}
   829 | D        | Reached *** piety under Sif Muna
   845 | D        | Noticed a queen bee
   857 | D        | Killed a queen bee
   865 | D        | Reached **** piety under Sif Muna
   978 | D        | Noticed an oklob plant
   983 | D        | Killed an oklob plant
   984 | D        | Reached XP level 9. HP: 51/51 MP: 13/24
  1042 | D        | Noticed a burning bush
  1052 | D        | Killed a burning bush
  1053 | D        | Reached skill level 5 in Conjurations
  1150 | D        | Noticed a burning bush
  1150 | D        | Noticed an oklob plant
  1160 | D        | Killed a burning bush
  1255 | D        | Noticed a wandering mushroom
  1262 | D        | Killed an oklob plant
  1262 | D        | Reached ***** piety under Sif Muna
  1263 | D        | Reached skill level 5 in Stealth
  1264 | D        | Killed a wandering mushroom
  1266 | D        | Received a gift from Sif Muna
  1335 | D        | Noticed a spriggan druid
  1342 | D        | Killed a spriggan druid
  1343 | D        | Reached XP level 10. HP: 31/56 MP: 14/27
  1452 | D        | Learned a level 1 spell: Summon Small Mammal
  1466 | D        | Killed an oklob plant conjurer
  1556 | D        | Noticed an oklob plant
  1556 | D        | Noticed an oklob plant summoner
  1567 | D        | Killed an oklob plant
  1721 | D        | Noticed an oklob plant shifter
  1734 | D        | Killed an oklob plant summoner
  1740 | D        | Killed an oklob plant shifter
  1892 | D        | Learned a level 5 spell: Summon Forest
  1892 | D        | Noticed Agnes
  1898 | D        | Found Qaumyukk's Armour Emporium.
  1901 | D        | Demolished by Agnes

Illustrated notes

Levels and vault maps discovered:
D:        dungeon_sprint_fedhas [sprint_temple]

Skill      XL: |  1  2  3  4  5  6  7  8  9 10 |
---------------+-------------------------------+-----
Stealth        | 3 4 5 |  5.3
Fire Magic     | 4 6 7 8 9 11 12 14 | 14.7
Dodging        | 3 |  3.9
Spellcasting   | 3 5 6 8 10 11 13 14 | 14.1
Conjurations   | 2 3 4 5 |  5.8
Evocations     | 1 3 5 6 7 8 9 |  9.4
Hexes          | 1 2 3 |  3.8

Action                     |  1- 3 |  4- 6 |  7- 9 | 10-12 || total
---------------------------+-------+-------+-------+-------++-------
  Melee: Unarmed           |     8 |       |       |       ||     8
         Constrict         |     2 |       |       |       ||     2
         Tentacles         |     1 |       |       |       ||     1
   Cast: Foxfire           |     5 |    11 |    29 |    14 ||    59
         Scorch            |     2 |    17 |    35 |    17 ||    71
         Inner Flame       |       |     3 |     2 |     6 ||    11
         Flame Wave        |       |       |     2 |     4 ||     6
         Summon Small Mamm |       |       |       |     2 ||     2
Ability: Evoke Invisibilit |       |     5 |     5 |     4 ||    14
    Use: Potion            |       |     1 |       |       ||     1
  Dodge: Dodged            |     2 |       |     1 |       ||     3

Table legend: (Time is in decaauts)
 A = Elapsed time spent in this place.
 B = Non-inter-level travel time spent in this place.
 C = Inter-level travel time spent in this place.
 D = Time resting spent in this place.
 E = Time spent auto-exploring this place.
 F = Levels seen in this place.
 G = Mean time per level.
                   A        B        C        D        E       F      G
               +--------+--------+--------+--------+--------+-----+--------+
         Total |   1900 |   1900 |      0 |   1282 |      0 |   1 | 1900.0 |
       Dungeon |   1900 |   1900 |      0 |   1282 |      0 |   1 | 1900.0 |
               +--------+--------+--------+--------+--------+-----+--------+

Top non-repeatable levels by time:
       D: 1900 daAuts
